 Dungeon Crawl Stone Soup version 0.27.0-1-g7a089689b8 (webtiles) character file.

Game seed: 9342549502731320383

7864 Kinoniko the Severer (level 11, -12/94 HPs)
             Began as a Hill Orc Fighter on Aug 3, 2021.
             Was an Elder of Okawaru.
             Mangled by Snorg (18 damage)
             ... on level 10 of the Dungeon.
             The game lasted 00:11:15 (11837 turns).

Kinoniko the Severer (Hill Orc Fighter)            Turns: 11837, Time: 00:11:16

Health: -12/94     AC: 13    Str: 22    XL:     11   Next: 21%
Magic:  14/15      EV: 13    Int:  8    God:    Okawaru [****..]
Gold:   279        SH: 12    Dex: 11    Spells: 10/10 levels left

rFire    . . .     SeeInvis .   a - +1 war axe (flame)
rCold    . . .     Faith    .   c - +0 kite shield
rNeg     . . .     Spirit   .   g - +1 chain mail
rPois    .         Reflect  .   (no helmet)
rElec    .         Harm     .   (no cloak)
rCorr    .         Rampage  .   v - +0 pair of gloves
Will     +....                  (no boots)
Stlth    ..........             G - amulet of regeneration
HPRegen  1.25/turn              L - +4 ring of evasion
MPRegen  0.14/turn              D - ring of willpower

@: mighty, heroic
A: no striking features
a: Renounce Religion, Heroism


You were on level 10 of the Dungeon.
You worshipped Okawaru.
Okawaru was greatly pleased with you.
You visited 2 branches of the dungeon, and saw 12 of its levels.
You also visited: Sewer.

You collected 747 gold pieces.
You spent 468 gold pieces at shops.

Inventory:

Hand Weapons
 a - a +1 war axe of flaming (weapon)
 s - the +5 mace of the Hierophant {flame, Str+4}
   (You found it on level 4 of the Dungeon)

   It burns those it strikes, dealing additional fire damage.
   Str:       It affects your strength (+4).
Missiles
 w - 2 throwing nets (quivered)
Armour
 b - a +1 scale mail
 c - a +0 kite shield (worn)
 g - a +1 chain mail (worn)
 v - a +0 pair of gloves (worn)
Jewellery
 i - a +6 ring of strength
 n - a ring of flight
 D - a ring of willpower (right hand)
 E - a +6 ring of intelligence
 G - an amulet of regeneration (around neck)
 L - a +4 ring of evasion (left hand)
 M - a ring of ice
Wands
 u - a wand of flame (13)
 F - a wand of paralysis (5)
 J - a wand of iceblast (6)
 K - a wand of mindburst (8)
Scrolls
 d - 2 scrolls of fear
 p - 2 scrolls of noise
 q - a scroll of holy word
 r - 3 scrolls of immolation
 x - a scroll of enchant armour
 y - 7 scrolls of enchant weapon
 z - a scroll of identify
 C - a scroll of fog
Potions
 e - 3 potions of haste
 f - 2 potions of mutation {unknown}
 h - 3 potions of flight
 j - a potion of ambrosia
 k - a potion of curing {unknown}
 l - a potion of magic {unknown}
 o - 2 potions of brilliance {unknown}
 t - a potion of berserk rage {unknown}
 A - a potion of degeneration {unknown}
 B - 3 potions of attraction
 H - a potion of experience {unknown}


   Skills:
 - Level 8.0(13.0) Fighting
 * Level 17.5(22.5) Axes
 - Level 0.5(15.1) Maces & Flails
 - Level 3.2(8.2) Armour
 + Level 6.4(11.4) Shields
 - Level 5.4 Invocations


You had 10 spell levels left.
You didn't know any spells.
Your spell library contained the following spells:

 Spells                   Type           Power      Damage    Failure   Level
 Gell's Gravitas          Tloc           0%         N/A       100%        3
 Lesser Beckoning         Tloc           0%         N/A       100%        3
 Teleport Other           Tloc           0%         N/A       100%        3
 Dispersal                Tloc           0%         N/A       100%        6
 Disjunction              Tloc           0%         N/A       100%        8


Dungeon Overview and Level Annotations

Branches:
Dungeon (11/15)            Temple (1/1) D:7            Lair (0/6) D:10
    Orc (0/2) D:9           Sewer (visited)

Altars:
Ashenzari
Cheibriados
Dithmenos
Elyvilon
Fedhas
Gozag
Hepliaklqana
Kikubaaqudgha
Makhleb
Nemelex Xobeh
Okawaru
Qazlal
Ru
Sif Muna
Trog
Uskayaw
Vehumet
Wu Jian
Xom
Yredelemnul
Zin
The Shining One

Shops:
D:5 *   D:10 =

Annotations:
D:10 Snorg


Message History

* * * LOW HITPOINT WARNING * * *
You block Snorg's attack. Snorg claws you!
* * * LOW HITPOINT WARNING * * *
You slash Snorg! You burn Snorg.
Snorg is moderately wounded.
You block Snorg's attack. Snorg misses you. Snorg claws you but does no damage.
You barely miss Snorg.
Snorg is moderately wounded.
You block Snorg's attack. Snorg closely misses you. x2
You slash Snorg! You burn Snorg.
Snorg is moderately wounded.
Snorg misses you. Snorg barely misses you. Snorg claws you but does no damage.
Unknown command.
You feel much better. Snorg bites you but does no damage. Snorg claws you!
You block Snorg's attack. Snorg bites you but does no damage.
You block Snorg's attack. x2
Unknown command.
You feel much better.
You block Snorg's attack. x2; Snorg claws you!
You slice Snorg!! You burn Snorg.
Snorg is heavily wounded.
Snorg barely misses you. x2; Snorg claws you!
Snorg completely misses you. Snorg claws you!
* * * LOW HITPOINT WARNING * * *
You block Snorg's attack.
Your shield and chain mail prevent you from hitting Snorg.
Snorg is heavily wounded.
Snorg barely misses you. Snorg claws you!
* * * LOW HITPOINT WARNING * * *
You block Snorg's attack.
Unknown command.
You barely miss Snorg.
Snorg is heavily wounded.
Snorg closely misses you. Snorg misses you. Snorg barely misses you.
Unknown command.
You feel very mighty all of a sudden.
You block Snorg's attack. x2; Snorg completely misses you.
Snorg bites you but does no damage. Snorg claws you!
* * * LOW HITPOINT WARNING * * *
Snorg claws you!!
You die...

#........).......#
#<##........
#.....[...)####..#
#.###.......
#.[......).# ##>#
#..........#
#.#........#######
#####.######
#.#..............#
#.#
..............##.#
#.######
#.###.####.##.##.#
#....... #.# #.#
#.##.##T# ########
#.# #.# #.#.#.##@#
..###.##.###..##.#
...##.#.# ##.##.#
##.##.##.###..##.#
##.##.###.#.#.##.#
......##.......#.#
##
.#<##.##.........#
#.
.#.##............#
#.
.#.#####........##
#.


You could see Snorg (berserk).

Vanquished Creatures
  Fannar (D:10)
  2 two-headed ogres
  Erica (D:9)
  A gargoyle (D:10)
  A komodo dragon (D:11)
  A troll (D:10)
  A steam dragon (D:8)
  2 yaks (D:10)
  A vampire mosquito (D:10)
  Menkaure (D:5)
  A water moccasin (D:7)
  Purgy (Sewer)
  A black bear (D:7)
  4 ice beasts
  2 orc warriors
  An ogre (D:6)
  2 centaurs (D:9)
  A necrophage (D:5)
  2 kobold brigands
  2 gnoll sergeants
  3 bullfrogs
  2 water moccasin zombies
  2 water moccasin skeletons
  2 jellies
  6 killer bees (D:9)
  3 wights (D:9)
  4 centaur zombies
  2 centaur skeletons
  2 bullfrog skeletons
  2 hounds
  3 iguanas
  4 orc wizards
  A killer bee zombie (D:8)
  A hound skeleton (D:4)
  11 gnolls
  13 adders
  3 river rats (D:3)
  A shadow imp (D:7)
  2 white imps
  2 worms
  A dart slug (D:1)
  30 orcs
  4 ball pythons
  6 endoplasms
  6 giant cockroaches
  8 goblins
  3 hobgoblins
  2 jackals (D:2)
  5 quokkas
  8 bats
  5 frilled lizards
  16 kobolds
  8 rats
200 creatures vanquished.

Notes
Turn   | Place    | Note
-------+----------+-------------------------------------------
     0 | D:1      | Kinoniko the Hill Orc Fighter began the quest for the Orb.
     0 | D:1      | Reached XP level 1. HP: 19/19 MP: 1/1
   112 | D:1      | Reached skill level 3 in Axes
   198 | D:1      | Reached XP level 2. HP: 27/27 MP: 2/2
  1194 | D:2      | Reached skill level 4 in Axes
  1317 | D:2      | Reached XP level 3. HP: 32/33 MP: 3/3
  1505 | D:2      | Found a faded altar of an unknown god.
  1787 | D:2      | Reached skill level 5 in Axes
  1843 | D:2      | Reached XP level 4. HP: 35/40 MP: 4/4
  2323 | D:3      | Reached skill level 6 in Axes
  2371 | D:3      | Reached XP level 5. HP: 30/46 MP: 5/5
  2445 | D:3      | Found a glowing drain.
  2449 | Sewer    | Entered a sewer
  2596 | Sewer    | Noticed Purgy
  2604 | Sewer    | Killed Purgy
  2605 | Sewer    | Reached skill level 7 in Axes
  2605 | Sewer    | Reached XP level 6. HP: 34/52 MP: 6/6
  2732 | Sewer    | Reached skill level 8 in Axes
  3677 | D:4      | Reached skill level 9 in Axes
  4671 | D:4      | Identified the +5 mace of the Hierophant {flame, Str+4}
  4685 | D:5      | Entered Level 5 of the Dungeon
  4746 | D:5      | Found a sparkling altar of Nemelex Xobeh.
  4765 | D:5      | Reached XP level 7. HP: 50/58 MP: 7/7
  4855 | D:5      | Reached skill level 10 in Axes
  5171 | D:5      | Noticed Menkaure
  5175 | D:5      | Found Imabeaq's General Store.
  5180 | D:5      | Killed Menkaure
  5181 | D:5      | Reached skill level 11 in Axes
  5181 | D:5      | Reached XP level 8. HP: 14/66 MP: 8/8
  5487 | D:5      | Found a glowing golden altar of the Shining One.
  5487 | D:5      | Found a faded altar of an unknown god.
  5495 | D:5      | Found a blossoming altar of Fedhas.
  5497 | D:5      | Found an opulent altar of Gozag.
  5499 | D:5      | Found a broken altar of Ashenzari.
  5784 | D:5      | Found an ancient bone altar of Kikubaaqudgha.
  6151 | D:6      | Reached skill level 12 in Axes
  6774 | D:6      | Found a hazy altar of Hepliaklqana.
  6999 | D:7      | Reached skill level 13 in Axes
  7083 | D:7      | Reached skill level 5 in Fighting
  7138 | D:7      | Reached XP level 9. HP: 67/74 MP: 9/9
  7260 | D:7      | Found an ornate altar of the Wu Jian Council.
  7930 | D:7      | Found a staircase to the Ecumenical Temple.
  7938 | Temple   | Entered the Ecumenical Temple
  8189 | Temple   | Became a worshipper of Warmaster Okawaru
  8292 | D:8      | Reached skill level 14 in Axes
  8430 | D:8      | Reached skill level 1 in Invocations
  9291 | D:9      | Noticed Erica
  9302 | D:9      | Killed Erica
  9302 | D:9      | Reached * piety under Okawaru
  9303 | D:9      | Reached skill level 15 in Axes
  9306 | D:9      | Reached XP level 10. HP: 38/86 MP: 10/13
  9896 | D:9      | Found a staircase to the Orcish Mines.
 10027 | D:9      | Noticed a two-headed ogre
 10033 | D:9      | Killed a two-headed ogre
 10033 | D:9      | Reached ** piety under Okawaru
 10034 | D:9      | Reached skill level 5 in Invocations
 10899 | D:10     | Entered Level 10 of the Dungeon
 10982 | D:10     | Noticed a gargoyle
 10993 | D:10     | Killed a gargoyle
 10994 | D:10     | Reached skill level 16 in Axes
 11041 | D:10     | You fall into a shaft and drop 1 floor!
 11090 | D:11     | Noticed a two-headed ogre
 11101 | D:11     | Killed a two-headed ogre
 11101 | D:11     | Reached *** piety under Okawaru
 11102 | D:11     | Reached skill level 5 in Shields
 11365 | D:10     | Found Acwebrot's Jewellery Emporium.
 11369 | D:10     | Bought a +4 ring of evasion for 468 gold pieces
 11408 | D:10     | Noticed Fannar
 11432 | D:10     | Killed Fannar
 11432 | D:10     | Reached **** piety under Okawaru
 11433 | D:10     | Reached skill level 17 in Axes
 11433 | D:10     | Reached XP level 11. HP: 36/94 MP: 13/15
 11519 | D:10     | Found a staircase to the Lair.
 11524 | D:10     | Found a burning altar of Makhleb.
 11819 | D:10     | Noticed Snorg
 11837 | D:10     | Mangled by Snorg

Illustrated notes

Levels and vault maps discovered:
D:1:      scummos_arrival_simple_fountains, layout_basic
D:2:      layout_loops_ring, hellmonk_ecumenical_altar_inner_sanctum,
          minmay_indecisive_spiral
D:3:      layout_basic, gup_sewer_entry_spiral
D:4:      layout_basic
D:5:      layout_gridville, chequers_temple_overflow_minitemple,
          nemelex_xobeh_ov_fountains_minmay,
          nicolae_kikubaaqudgha_miasma_corner, serial_shops, shop,
          hangedman_decor_growths, uniq_menkaure
D:6:      layout_loops_ring, lemuel_doored_altar, roderic_roman_lattice
D:7:      layout_loops_ring, lemuel_tele_altar, minmay_temple_entry_fiery,
          eino_small_chamber_without_monster
D:8:      layout_loops_ring, amcnicky_mini_rare_corridor_liquid,
          grunt_ministairs_6
D:9:      layout_basic, uniq_erica
D:10:     layout_loops_ring, bloody_makhleb, lair_entry_dummy, serial_shops,
          shop, uniq_snorg, uniq_fannar
D:11:     minmay_chambers_of_sixes, layout_loops_ring, uniq_josephine
Temple:   oiseaux_autumnal_temple

Skill      XL: |  1  2  3  4  5  6  7  8  9 10 |
---------------+-------------------------------+-----
Axes           | 3 4 5 6 7 9 11 13 15 17 | 17.5
Fighting       | 5 7 8 |  8.0
Invocations    | 4 5 |  5.4
Shields        | 6 |  6.4
Maces & Flails | |  0.5
Armour         | |  3.2

Action                   |  1- 3 |  4- 6 |  7- 9 | 10-12 || total
-------------------------+-------+-------+-------+-------++-------
Melee: War axe           |   102 |   142 |   211 |   155 ||   610
       Mace              |       |    10 |       |       ||    10
Invok: Heroism           |       |       |       |     8 ||     8
  Use: Scroll            |       |    10 |     4 |     2 ||    16
       Potion            |       |     1 |     3 |     4 ||     8
Armor: Scale mail        |    61 |    64 |       |       ||   125
       Chain mail        |       |    17 |    97 |    70 ||   184
Dodge: Dodged            |    45 |    65 |    78 |    71 ||   259
Block: Kite shield       |       |       |       |    64 ||    64
